 Dungeon Crawl Stone Soup version 0.31.0-2-g5a2aebc5c2 (webtiles) character file.

Game seed: 12899981952227581925

25 bpung the Changeling (level 3, -4/27 HPs)
             Began as a Merfolk Shapeshifter on Jan 20, 2024.
             Slain by Sigmund
             ... wielding a +0 scythe
              (9 damage)
             ... on level 2 of the Dungeon.
             The game lasted 00:03:08 (704 turns).

bpung the Changeling (Merfolk Shapeshifter)          Turns: 704, Time: 00:03:09

Health: -4/27      AC:  5    Str: 22    XL:     3   Next: 4%
Magic:  3/3        EV: 12    Int:  9    God:
Gold:   105        SH:  0    Dex: 13    Spells: 2/2 levels left

rFire   . .          .
                       - Unarmed
rCold   . . .        (no shield)
rNeg    . . .        e - +0 ring mail
rPois   .            (helmet currently unavailable)
rElec   .            (cloak currently unavailable)
rCorr   .            (gloves currently unavailable)
SInv    .            (boots currently unavailable)
Will    .....        (no amulet)
Stlth   +            h - +6 ring of strength
HPRegen 0.24/turn    (no ring)
MPRegen 0.08/turn

%: no passive effects
@: beast-form, on berserk cooldown, slowed, very slow
A: beast (slay +2), (nimble swimmer 2), mertail
a: Begin Untransformation


You were on level 2 of the Dungeon.
You were a hulking beast.
You visited 1 branch of the dungeon, and saw 2 of its levels.

You collected 105 gold pieces.

Inventory:

Missiles
 g - 6 poisoned darts (quivered)
Armour
 e - a +0 ring mail (worn)
Jewellery
 h - a +6 ring of strength (left hand)
Talismans
 c - a beast talisman (active)
 d - a flux talisman
Potions
 b - a potion of lignification


   Skills:
 + Level 1.6 Fighting
 + Level 3.1 Dodging
 + Level 3.5 Unarmed Combat
 * Level 4.5 Shapeshifting


You had 2 spell levels left.
You didn't know any spells.
Your spell library contained the following spells:

 Spells                   Type           Power      Damage    Failure   Level
 Apportation              Tloc           0%         N/A       54%         1
 Jinxbite                 Hex            0%         N/A       69%         2
 Alistair's Intoxication  Alch           0%         N/A       100%        5
 Sculpt Simulacrum        Ice/Alch       0%         N/A       100%        6
 Ozocubu's Refrigeration  Ice            0%         4d7       100%        7
 Polar Vortex             Ice            0%         N/A       100%        9


Dungeon Overview and Level Annotations

Branches:
Dungeon (2/15)

Altars:
Zin

Shops:
D:2 [

Annotations:
D:2 Sigmund


Innate Abilities, Weirdness & Mutations

You are a hulking beast.
Your limbs bulge with bestial killing power. (Slay +2)
((You are very nimble when in or above water. (Stealth+, EV+, Speed+++)))
Your lower body shifts to a powerful aquatic tail in water.


Message History

You hit the rat.
You kill the rat!
Sigmund giggles. "Time to reap what you sow."
You see here a rat corpse.
It was a potion of berserk rage.
A red film seems to cover your vision as you go berserk!
You feel yourself moving faster!
You feel mighty!
You feel a strong urge to attack something.
The hobgoblin hits you but does no damage.
Sigmund hits you with a +0 scythe.
You closely miss Sigmund. The hobgoblin closely misses you.
You barely miss Sigmund. Sigmund gestures at you while chanting.
You are confused.
You hit Sigmund.
Sigmund is lightly wounded.
The hobgoblin barely misses you.
You barely miss the hobgoblin. Sigmund misses you. The hobgoblin hits you.
You closely miss Sigmund.
Sigmund is lightly wounded.
You are no longer berserk.
You are exhausted.
You feel yourself slow down.
The hobgoblin attacks as it pursues you!
The hobgoblin hits you but does no damage.
Sigmund barely misses you.
The hobgoblin attacks as it pursues you!
The hobgoblin hits you.
Sigmund casts a spell.
Sigmund flickers and vanishes!
Deactivating autopickup; reactivate with Ctrl-A.
You bump into the rock wall.
The hobgoblin barely misses you. Something hits you! The hobgoblin hits you.
You feel less confused. Something hits you!
* * * LOW HITPOINT WARNING * * *
The hobgoblin attacks as it pursues you!
The hobgoblin barely misses you. The hobgoblin closely misses you.
Something hits you!
You die...

#.#+###. #......
# #.....###.. ...
#........
....##...$###
.......†....#
....##......# #
####...g{.##.###
#......h.........
#.##..........###
#.##..........#
#.##...###......
#.##...#.#....###
#......#......#
######.#........#
#........#.#....#
#.####.....#


You could see a hobgoblin.

Vanquished Creatures
  An endoplasm (D:1)
  2 giant cockroaches
  4 goblins
  4 hobgoblins
  2 jackals (D:1)
  2 quokkas (D:1)
  2 ball pythons (D:1)
  A bat (D:1)
  3 rats
21 creatures vanquished.

Notes
Turn   | Place    | Note
-------+----------+-------------------------------------------
     0 | D:1      | bpung the Merfolk Shapeshifter began the quest for the Orb.
     0 | D:1      | Reached XP level 1. HP: 15/15 MP: 1/1
    76 | D:1      | Found a faded altar of an unknown god.
    83 | D:1      | Prayed at the altar of an unknown god.
   196 | D:1      | Reached XP level 2. HP: 20/21 MP: 2/2
   632 | D:2      | Found Qowumnif's Armour Shoppe.
   647 | D:2      | Reached XP level 3. HP: 24/27 MP: 3/3
   688 | D:2      | Noticed Sigmund
   704 | D:2      | Slain by Sigmund

Illustrated notes

Levels and vault maps discovered:
D:1:      eino_arrival_water_cross, layout_rooms,
          dilly_ecumenical_altar_fadedgnrine
D:2:      layout_basic, serial_shops, shop_statue, minmay_misc_feat_hallway,
          uniq_sigmund

Skill      XL: |  1  2 |
---------------+-------+-----
Dodging        | 3 |  3.1
Fighting       | |  1.6
Unarmed Combat | |  3.5
Shapeshifting  | |  4.5

Action                     || total
---------------------------++-------
  Melee: Unarmed           ||    53
         Punch             ||     1
    Use: Potion            ||     4
         Scroll            ||     2
 Armour: Animal skin       ||    11
         Ring mail         ||    17
  Dodge: Dodged            ||    34
   Form: Beast             ||     1
         Flux              ||     1
